 Dungeon Crawl Stone Soup version 0.24-a0-462-ge24419a6ad (console) character file.

Game seed: 15720222554989961697

0 Lexodia the Skirmisher (level 1, -6/18 HPs)
             Began as a Demonspawn Abyssal Knight on July 2, 2019.
             Was an Initiate of Lugonu.
             Mangled by a gnoll
             ... wielding a +0 halberd
              (9 damage)
             ... on level 1 of the Dungeon.
             The game lasted 00:01:14 (161 turns).

Lexodia the Skirmisher (Demonspawn Abyssal Knight)   Turns: 161, Time: 00:01:14

Health: -6/18      AC: 10    Str: 12    XL:     1   Next: 8%
Magic:  2/2        EV:  3    Int: 13    God:    Lugonu [......]
Gold:   0          SH:  0    Dex: 12    Spells: 0/0 levels left

rFire    . . .     SeeInvis .   a - +1 spear
rCold    . . .     Gourm    .   (no shield)
rNeg     . . .     Faith    .   f - +0 plate armour
rPois    .         Spirit   .   (no helmet)
rElec    .         Reflect  .   (no cloak)
rCorr    .         Harm     .   (no gloves)
MR       .....                  (no boots)
Stlth    ..........             (no amulet)
HPRegen  0.06/turn              (no ring)
MPRegen  0.08/turn              (no ring)

@: no status effects
A: no striking features
a: Renounce Religion


You were on level 1 of the Dungeon.
You worshipped Lugonu.
Lugonu was noncommittal.
You were not hungry.

You visited 1 branch of the dungeon, and saw 1 of its levels.
You visited the Abyss 1 time.

Inventory:

Hand Weapons
 a - a +1 spear (weapon)
Armour
 b - a +0 leather armour
 f - a +0 plate armour (worn)
Jewellery
 g - an uncursed ring of flight {unknown}
Scrolls
 h - 3 scrolls of identify {unknown}
 i - a scroll of teleportation {unknown}
Potions
 d - a potion of resistance {unknown}
 e - a potion of lignification {unknown}
Comestibles
 c - a ration
 j - a chunk of flesh


   Skills:
 - Level 3.0 Fighting
 + Level 1.7 Polearms
 + Level 1.7 Armour
 + Level 0.8 Dodging
 + Level 2.4 Invocations


You couldn't memorise any spells.
You didn't know any spells.
Your spell library was empty.

Dungeon Overview and Level Annotations

Branches:
Dungeon (1/15)

Altars:


Message History

You see here a bat skeleton.
There is an open door here.
You close the door.
You start resting.
A gnoll opens the door.
It is wielding a +0 halberd.
Attack whom?
Press: ? - help, Dir - move target cursor, f - gnoll
Aim: a gnoll, wielding a +0 halberd You reach to attack!
You completely miss the gnoll.
The gnoll hits you from afar with a +0 halberd.
* * * LOW HITPOINT WARNING * * *
Huge Dmg: -33%(-6hp) hp: 17%(3hp) Attack whom?
Press: ? - help, Dir - move target cursor, f/p - gnoll
Aim: a gnoll, wielding a +0 halberd You reach to attack!
You hit the gnoll.
The gnoll is moderately wounded.
The gnoll hits you from afar with a +0 halberd!
Ouch! That really hurt!
You die...

#####+#####
#.........#
#.........#
#..⌠...⌠..# #
#........@### .#
+....<....'.#####.#
#.........#g#.....#
#..⌠..(⌠..#.....#
#.........###.#.#
#.........# #÷..#
#####+##### #...#
...............
.g..##....#####


You could see a gnoll.

Vanquished Creatures
  A bat (D:1)
1 creature vanquished.

Notes
Turn   | Place    | Note
-------+----------+-------------------------------------------
     0 | Abyss:1  | Lexodia the Demonspawn Abyssal Knight began the quest for
                  | the Orb.
     0 | Abyss:1  | Reached XP level 1. HP: 18/18 MP: 2/2
    25 | Abyss:2  | Found a corrupted altar of Lugonu.
    92 | Abyss:2  | Noticed a starcursed mass
    94 | Abyss:2  | Noticed a quasit
   101 | Abyss:2  | Noticed an ice dragon zombie
   103 | Abyss:2  | Noticed a ynoxinul
   106 | Abyss:2  | Noticed a small abomination
   112 | Abyss:2  | Noticed a smoke demon
   114 | Abyss:2  | Noticed a ynoxinul
   119 | Abyss:2  | Huge Dmg: 7 dmg
   120 | Abyss:2  | Noticed a daeva
   122 | D:1      | Escaped the Abyss
   161 | D:1      | Huge Dmg: 6 dmg
   161 | D:1      | Mangled by a gnoll

Levels and vault maps discovered:
D:1:      mushboom_english_gardens, layout_loops_corners

Action                   || total
-------------------------++-------
Melee: Spear             ||     8
Invok: Depart the Abyss  ||     1
Armor: Plate armour      ||    25
Dodge: Dodged            ||     3

Table legend:
 A = Non-vault XP
 B = Vault XP
 C = Vault XP percentage of total XP
 D = Non-vault monster count
 E = Vault monster count
 F = Vault count percentage of total count
                 A         B        C        D         E       F
            +---------+---------+-------+---------+---------+-------
      Total |       1 |       0 |   0.0 |       1 |       0 |   0.0
            +---------+---------+-------+---------+---------+-------
        D:1 |       1 |       0 |   0.0 |       1 |       0 |   0.0
            +---------+---------+-------+---------+---------+-------
